Kings vs Avalanche
(R2)
Created - 27 novembre 2014 at 22:45
Goals
|
| Kings |
3 |
0 |
3 |
6 |
| Avalanche |
3 |
1 |
0 |
4 |
|
Shots
|
| Kings |
12 |
6 |
8 |
26 |
| Avalanche |
13 |
3 |
6 |
22 |
|
1st period
1. Avalanche , Ryan Smyth 13 (Jack Johnson, Dustin Byfuglien) at 9:36
2. Kings , Joe Pavelski 12 (Anze Kopitar) at 9:46
3. Avalanche , Corey Perry 12 (Jason Allison, Marc Staal) at 10:02
4. Kings , Jonas Hoglund 7 (Patrick Sharp, Matt Duchene) at 15:27
5. Avalanche , Rostislav Olesz 2 (Bryan Little, Max Pacioretty) at 17:52 (PP)
6. Kings , Joe Pavelski 13 (Anze Kopitar) at 19:05
Penalties :
Anze Kopitar (LAK) for Boarding (Minor) at 0:22, Mike Comrie (Col) for Hooking (Minor) at 8:14, Pernell Karl Subban (LAK) for Tripping (Minor) at 8:47, Zdeno Chara (LAK) for Slashing (Minor) at 17:18, Ryan Smyth (Col) for Interference (Minor) at 19:49
2nd period
7. Avalanche , Andrew Ladd 4 (Shane O'Brien, Jimmy Howard) at 1:06 (SH)
Penalties :
Maxim Talbot (Col) for Hooking (Minor) at 4:36, Max Pacioretty (Col) for Slashing (Minor) at 12:09, Ryan Smyth (Col) for Hooking (Minor) at 15:27
3rd period
8. Kings , Brenden Morrow 10 (Brent Burns, Anze Kopitar) at 0:57
9. Kings , Joe Pavelski 14 (Patrick Sharp) at 12:16
10. Kings , Mikkel Boedker 13 (Joe Pavelski, Anze Kopitar) at 13:51 (PP)
Penalties :
Jonas Hoglund (LAK) for Interference (Minor) at 1:23, Patrick Sharp (LAK) for High sticking (Minor) at 3:57, Zdeno Chara (LAK) for Boarding (Minor) at 9:05, Rostislav Olesz (Col) for Tripping (Minor) at 13:39, Dustin Byfuglien (Col) for Holding Stick (Minor) at 14:13
Goalie Stats
Ray Emery (LAK), 18 saves from 22 shots - (0,818), W, 3-1-1, 60:00 minutes
Jimmy Howard (Col), 20 saves from 26 shots - (0,769), L, 12-6-0, 60:00 minutes
Players Stats for Kings
Player Name G A P +/- PIM S H SB GA TA FO MP PP MP PK MP
------------------------------------------------------------------------------------
Anze Kopitar 0 4 4 3 2 3 2 0 1 1 11/30 22:46 6:03 2:08
Brenden Morrow 1 0 1 3 0 3 1 1 0 0 0/0 17:07 0:54 3:14
Brent Burns 0 1 1 1 0 0 1 1 1 0 0/0 23:43 6:47 3:03
Brent Seabrook 0 0 0 0 0 0 0 0 0 0 0/0 23:16 3:39 3:12
Brian Pothier 0 0 0 0 0 0 0 0 0 0 0/0 9:29 0:14 5:51
Cory Sarich 0 0 0 0 0 0 0 2 0 0 0/0 7:58 0:00 0:43
Hnat Domenichelli 0 0 0 0 0 1 1 0 0 0 0/0 7:57 0:40 0:53
Joe Pavelski 3 1 4 3 0 7 2 1 0 1 0/1 20:39 6:02 0:09
Jonas Hoglund 1 0 1 1 2 2 1 0 0 0 0/1 17:19 0:10 4:12
Matt Duchene 0 1 1 -1 0 3 2 0 1 0 1/3 14:59 3:55 0:36
Mikkel Boedker 1 0 1 0 0 1 1 0 0 1 1/1 15:06 5:56 0:00
Patrick Sharp 0 2 2 -1 2 2 1 0 0 1 1/2 15:15 3:56 0:00
Pernell Karl Subban 0 0 0 2 2 1 2 0 0 0 0/0 21:04 6:46 0:00
Randy Robitaille 0 0 0 0 0 0 0 0 0 0 7/10 11:36 0:03 5:00
Rene Bourque 0 0 0 -1 0 1 2 0 0 0 0/0 15:13 4:21 0:00
Tyler Myers 0 0 0 1 0 1 2 1 0 1 0/0 19:48 3:39 1:12
Viktor Kozlov 0 0 0 0 0 1 0 1 0 0 0/3 10:55 0:00 1:54
Zdeno Chara 0 0 0 0 4 0 0 2 0 0 0/0 15:15 0:14 4:05
Players Stats for Avalanche
Player Name G A P +/- PIM S H SB GA TA FO MP PP MP PK MP
------------------------------------------------------------------------------------
Andrew Ladd 1 0 1 -2 0 4 0 0 0 0 5/5 11:05 0:00 2:54
Brian Campbell 0 0 0 0 0 0 2 0 0 1 0/0 18:13 4:09 0:00
Bryan Little 0 1 1 -2 0 2 0 0 1 0 3/4 12:09 4:15 0:00
Chuck Kobasew 0 0 0 -1 0 0 2 0 0 0 0/0 11:47 0:00 3:23
Corey Perry 1 0 1 -2 0 3 1 0 0 0 2/5 17:10 4:48 0:00
Dave Tanabe 0 0 0 -1 0 0 1 0 0 1 0/0 23:51 4:45 3:42
Drew Doughty 0 0 0 -4 0 2 2 0 0 0 0/0 16:49 4:45 0:53
Dustin Byfuglien 0 1 1 2 2 2 4 0 1 0 1/1 14:17 0:00 2:28
Jack Johnson 0 1 1 2 0 3 2 2 0 0 0/0 25:16 4:18 6:29
Jason Allison 0 1 1 -2 0 1 4 0 0 0 6/16 18:28 4:48 0:53
Marc Staal 0 1 1 1 0 0 1 1 0 0 0/0 19:37 0:09 6:19
Max Pacioretty 0 1 1 -2 2 0 3 0 1 0 0/0 16:40 4:15 0:30
Maxim Talbot 0 0 0 0 2 0 1 0 0 0 0/0 7:33 0:00 0:00
Michael Rupp 0 0 0 0 0 1 1 0 1 0 0/0 13:46 0:00 5:37
Mike Comrie 0 0 0 0 2 2 3 0 0 0 13/20 17:15 0:09 5:21
Rostislav Olesz 1 0 1 0 2 1 1 0 0 0 0/0 12:04 4:15 0:14
Ryan Smyth 1 0 1 1 4 1 2 0 0 0 0/0 16:05 4:39 0:00
Shane O'Brien 0 1 1 -2 0 0 1 1 1 1 0/0 15:42 0:00 3:57
3 Stars
1 - Joe Pavelski (LAK)
2 - Anze Kopitar (LAK)
3 - Brenden Morrow (LAK)
Power Play
Kings - 1 on 7 Attempt(s) - 14,29%
Avalanche - 1 on 6 Attempt(s) - 16,67%
Penalty Kill
Kings - 5 on 6 Attempt(s) - 83,33%
- Score 0 goal in Penalty Kill
Avalanche - 6 on 7 Attempt(s) - 85,71%
- Score 1 goal in Penalty Kill
Official
Referees : StLaurent Francois and Lee Chris
Linesman : Bryan Pancich and Mike Cvik
Game Notes
Joe Pavelski has scored a Hat Trick!
Finance
Level 1 -- Attendance: 5801 (96,68%) -- Ticket Income 487 284 $
Level 2 -- Attendance: 5000 (100,00%) -- Ticket Income 250 000 $
Level 3 -- Attendance: 2000 (100,00%) -- Ticket Income 56 000 $
Level 4 -- Attendance: 4000 (100,00%) -- Ticket Income 72 000 $
Luxury Box -- Attendance: 1000 (100,00%) -- Ticket Income 167 000 $
Game was played at the Pepsi Center
Total Attendance: 17801 (98,89%)
Total Ticket Income: 1 032 284 $
Other Income: 154 843 $
Total Income: 1 187 127 $
Kings
5 vs 5 Forward
Center Left Wing Right Wing Time % Phy DF OF
1 Anze Kopitar Brenden Morrow Joe Pavelski 40 1 1 3
2 Matt Duchene Patrick Sharp Jonas Hoglund 30 1 1 3
3 Viktor Kozlov Mikkel Boedker Rene Bourque 25 1 2 2
4 Randy Robitaille Hnat Domenichelli Rene Bourque 5 1 4 0
5 vs 5 Defense
Defense Defense Time % Phy DF OF
1 Pernell Karl Subban Brent Burns 40 1 2 2
2 Tyler Myers Brent Seabrook 35 1 2 2
3 Zdeno Chara Cory Sarich 20 2 2 1
4 Zdeno Chara Brian Pothier 5 2 2 1
PowerPlay Forward
Center Left Wing Right Wing Time % Phy DF OF
1 Anze Kopitar Mikkel Boedker Joe Pavelski 60 0 1 4
2 Matt Duchene Patrick Sharp Rene Bourque 40 0 1 4
PowerPlay Defense
Defense Defense Time % Phy DF OF
1 Pernell Karl Subban Brent Burns 60 0 2 3
2 Tyler Myers Brent Seabrook 40 0 2 3
Penalty Kill 4 Players Forward
Center Wing Time % Phy DF OF
1 Randy Robitaille Jonas Hoglund 60 0 4 1
2 Viktor Kozlov Brenden Morrow 40 0 4 1
Penalty Kill 4 Players Defense
Defense Defense Time % Phy DF OF
1 Brian Pothier Zdeno Chara 60 1 4 0
2 Brent Burns Brent Seabrook 40 1 4 0
Penalty Kill - 3 Players Forward
Forward Time % Phy DF OF
1 Randy Robitaille 60 0 4 1
2 Anze Kopitar 40 0 4 1
Penalty Kill - 3 Players Defense
Defense Defense Time % Phy DF OF
1 Brian Pothier Zdeno Chara 60 1 4 0
2 Brent Burns Brent Seabrook 40 1 4 0
4 vs 4 Forward
Center Wing Time % Phy DF OF
1 Anze Kopitar Joe Pavelski 60 1 2 2
2 Matt Duchene Patrick Sharp 40 1 2 2
4 vs 4 Defense
Defense Defense Time % Phy DF OF
1 Zdeno Chara Brent Seabrook 60 1 2 2
2 Pernell Karl Subban Brent Burns 40 1 2 2
Last Minutes Offensive
Center Left Wing Right Wing Defense Defense
Anze Kopitar Patrick Sharp Joe Pavelski Brent Seabrook Brent Burns
Last Minutes Defensive
Center Left Wing Right Wing Defense Defense
Anze Kopitar Patrick Sharp Jonas Hoglund Brent Seabrook Brent Burns
Goaltenders
Starting : Ray Emery
Backup : Ondrej Pavelec
Extra Forwards
Normal : Anze Kopitar, Patrick Sharp, Joe Pavelski - PP : Brenden Morrow, Hnat Domenichelli - PK : Anze Kopitar
Extra Defensemen
Normal : Zdeno Chara, Brent Burns, Brent Seabrook - PP : Zdeno Chara - PK : Tyler Myers, Cory Sarich
Penalty Shots
Anze Kopitar, Joe Pavelski, Mikkel Boedker, Patrick Sharp, Rene Bourque
Avalanche
5 vs 5 Forward
Center Left Wing Right Wing Time % Phy DF OF
1 Jason Allison Max Pacioretty Corey Perry 35 1 2 2
2 Mike Comrie Ryan Smyth Dustin Byfuglien 35 1 2 2
3 Bryan Little Andrew Ladd Chuck Kobasew 15 1 2 2
4 Maxim Talbot Michael Rupp Rostislav Olesz 15 1 2 2
5 vs 5 Defense
Defense Defense Time % Phy DF OF
1 Jack Johnson Brian Campbell 35 1 2 2
2 Marc Staal Dave Tanabe 35 1 2 2
3 Drew Doughty Shane O'Brien 30 1 2 2
4 Jack Johnson Brian Campbell 0 1 2 2
PowerPlay Forward
Center Left Wing Right Wing Time % Phy DF OF
1 Jason Allison Ryan Smyth Corey Perry 60 1 2 2
2 Bryan Little Rostislav Olesz Max Pacioretty 40 1 2 2
PowerPlay Defense
Defense Defense Time % Phy DF OF
1 Drew Doughty Dave Tanabe 60 1 2 2
2 Brian Campbell Jack Johnson 40 1 2 2
Penalty Kill 4 Players Forward
Center Wing Time % Phy DF OF
1 Mike Comrie Michael Rupp 60 1 2 2
2 Dustin Byfuglien Chuck Kobasew 40 1 2 2
Penalty Kill 4 Players Defense
Defense Defense Time % Phy DF OF
1 Jack Johnson Marc Staal 60 1 2 2
2 Dave Tanabe Shane O'Brien 40 1 2 2
Penalty Kill - 3 Players Forward
Forward Time % Phy DF OF
1 Mike Comrie 60 1 2 2
2 Dustin Byfuglien 40 1 2 2
Penalty Kill - 3 Players Defense
Defense Defense Time % Phy DF OF
1 Jack Johnson Marc Staal 60 1 2 2
2 Dave Tanabe Shane O'Brien 40 1 2 2
4 vs 4 Forward
Center Wing Time % Phy DF OF
1 Corey Perry Jason Allison 60 1 2 2
2 Ryan Smyth Mike Comrie 40 1 2 2
4 vs 4 Defense
Defense Defense Time % Phy DF OF
1 Jack Johnson Marc Staal 60 1 2 2
2 Dave Tanabe Drew Doughty 40 1 2 2
Last Minutes Offensive
Center Left Wing Right Wing Defense Defense
Jason Allison Ryan Smyth Corey Perry Drew Doughty Dave Tanabe
Last Minutes Defensive
Center Left Wing Right Wing Defense Defense
Mike Comrie Michael Rupp Chuck Kobasew Jack Johnson Marc Staal
Goaltenders
Starting : Jimmy Howard
Backup : Marty Turco
Extra Forwards
Normal : Dustin Byfuglien, Rostislav Olesz, Andrew Ladd - PP : Dustin Byfuglien, Rostislav Olesz - PK : Andrew Ladd
Extra Defensemen
Normal : Dave Tanabe, Shane O'Brien, Drew Doughty - PP : Dave Tanabe - PK : Shane O'Brien, Drew Doughty
Penalty Shots
Corey Perry, Ryan Smyth, Bryan Little, Mike Comrie, Dave Tanabe
% Time on Ice - Kings
Lines # - Real PCT - Wanted PCT - Time Play
Normal Forward
1 - 35% - 40% - 13:46
2 - 26% - 30% - 10:17
3 - 23% - 25% - 9:01
4 - 15% - 5% - 5:47
Normal Defense
1 - 38% - 40% - 14:53
2 - 39% - 35% - 14:59
3 - 19% - 20% - 7:15
4 - 4% - 5% - 1:44
PP Forward
1 - 58% - 60% - 6:13
2 - 42% - 40% - 4:27
PP Defense
1 - 66% - 60% - 7:01
2 - 34% - 40% - 3:39
PK Forward
1 - 79% - 60% - 7:09
2 - 21% - 40% - 1:54
PK Defense
1 - 66% - 60% - 6:00
2 - 34% - 40% - 3:03
PK3 Forward
1 - 0% - 60%
2 - 0% - 40%
PK3 Defense
1 - 0% - 60%
2 - 0% - 40%
44 Forward
1 - 80% - 60% - 1:09
2 - 20% - 40% - 0:17
44 Defense
1 - 80% - 60% - 1:09
2 - 20% - 40% - 0:17
Last Minute Offensive - 0:00
Last Minute Defensive - 0:00
Total
Forward - 60:00
Defense - 60:00
|
% Time on Ice - Avalanche
Lines # - Real PCT - Wanted PCT - Time Play
Normal Forward
1 - 31% - 35% - 12:10
2 - 31% - 35% - 11:59
3 - 19% - 15% - 7:28
4 - 19% - 15% - 7:14
Normal Defense
1 - 33% - 35% - 12:54
2 - 41% - 35% - 16:07
3 - 25% - 30% - 9:50
4 - 0% - 0% - 0:00
PP Forward
1 - 53% - 60% - 4:48
2 - 47% - 40% - 4:15
PP Defense
1 - 54% - 60% - 4:54
2 - 46% - 40% - 4:09
PK Forward
1 - 68% - 60% - 7:17
2 - 32% - 40% - 3:23
PK Defense
1 - 61% - 60% - 6:33
2 - 39% - 40% - 4:07
PK3 Forward
1 - 0% - 60%
2 - 0% - 40%
PK3 Defense
1 - 0% - 60%
2 - 0% - 40%
44 Forward
1 - 81% - 60% - 1:10
2 - 19% - 40% - 0:16
44 Defense
1 - 88% - 60% - 1:16
2 - 12% - 40% - 0:10
Last Minute Offensive - 0:00
Last Minute Defensive - 0:00
Total
Forward - 60:00
Defense - 60:00
|
Play by Play
1st period
0:01 of 1st period - Anze Kopitar wins face-off versus Jason Allison in neutral zone.
0:10 of 1st period - Wrist shot by Joe Pavelski.
0:10 of 1st period - Shot Misses the Net.
0:22 of 1st period - Minor Penalty to Anze Kopitar for Boarding.
0:23 of 1st period - Randy Robitaille wins face-off versus Jason Allison in Kings zone.
0:23 of 1st period - Randy Robitaille is hit by Drew Doughty.
2:22 of 1st period - Penalty to Anze Kopitar is over, Anze Kopitar is back on ice.
2:34 of 1st period - Slapshot by Drew Doughty.
2:34 of 1st period - Shot Blocked by Viktor Kozlov.
2:50 of 1st period - Slapshot by Drew Doughty.
2:50 of 1st period - Stopped by Ray Emery with a rebound.
2:52 of 1st period - Wrist shot by Drew Doughty.
2:52 of 1st period - Shot Blocked by Zdeno Chara.
3:16 of 1st period - Slapshot by Viktor Kozlov.
3:16 of 1st period - Shot Misses the Net.
5:50 of 1st period - Randy Robitaille is hit by Michael Rupp and loses puck.
6:10 of 1st period - Snap shot by Mike Comrie.
6:10 of 1st period - Shot Misses the Net.
6:30 of 1st period - Rene Bourque is hit by Max Pacioretty and loses puck.
6:41 of 1st period - Brenden Morrow is hit by Shane O'Brien and loses puck.
6:52 of 1st period - Wrist shot by Rene Bourque.
6:52 of 1st period - Shot Misses the Net.
7:10 of 1st period - Anze Kopitar is hit by Jason Allison.
7:14 of 1st period - Brent Seabrook is hit by Max Pacioretty.
7:39 of 1st period - Snap shot by Maxim Talbot.
7:39 of 1st period - Shot Misses the Net.
7:52 of 1st period - Off-side.
7:53 of 1st period - Mike Comrie wins face-off versus Randy Robitaille in neutral zone.
8:08 of 1st period - Wrist shot by Hnat Domenichelli.
8:08 of 1st period - Stopped by Jimmy Howard with a rebound.
8:14 of 1st period - Minor Penalty to Mike Comrie for Hooking.
8:15 of 1st period - Andrew Ladd wins face-off versus Anze Kopitar in Avalanche zone.
8:15 of 1st period - Andrew Ladd is hit by Mikkel Boedker.
8:25 of 1st period - Snap shot by Andrew Ladd.
8:25 of 1st period - Stopped by Ray Emery without a rebound.
8:26 of 1st period - Andrew Ladd wins face-off versus Anze Kopitar in Kings zone.
8:31 of 1st period - Snap shot by Michael Rupp.
8:31 of 1st period - Deflect By Andrew Ladd.
8:31 of 1st period - Shot Blocked by Brent Burns.
8:31 of 1st period - Puck is out of play.
8:32 of 1st period - Andrew Ladd wins face-off versus Anze Kopitar in Kings zone.
8:35 of 1st period - Wrist shot by Andrew Ladd.
8:35 of 1st period - Shot Misses the Net.
8:39 of 1st period - Wrist shot by Michael Rupp.
8:39 of 1st period - Stopped by Ray Emery without a rebound.
8:40 of 1st period - Andrew Ladd wins face-off versus Anze Kopitar in Kings zone.
8:47 of 1st period - Minor Penalty to Pernell Karl Subban for Tripping.
8:48 of 1st period - Anze Kopitar wins face-off versus Corey Perry in Kings zone.
8:48 of 1st period - Anze Kopitar is hit by Corey Perry.
8:54 of 1st period - Snap shot by Anze Kopitar.
8:54 of 1st period - Shot Misses the Net.
9:26 of 1st period - Snap shot by Matt Duchene.
9:26 of 1st period - Stopped by Jimmy Howard with a rebound.
9:36 of 1st period - Wrist shot by Ryan Smyth.
9:36 of 1st period - Goal by Ryan Smyth - Kings : 0 - Avalanche : 1.
9:37 of 1st period - Anze Kopitar wins face-off versus Corey Perry in neutral zone.
9:46 of 1st period - Snap shot by Joe Pavelski.
9:46 of 1st period - Goal by Joe Pavelski - Kings : 1 - Avalanche : 1.
9:47 of 1st period - Anze Kopitar wins face-off versus Corey Perry in neutral zone.
9:52 of 1st period - Snap shot by Anze Kopitar.
9:52 of 1st period - Stopped by Jimmy Howard with a rebound.
10:00 of 1st period - Wrist shot by Jason Allison.
10:00 of 1st period - Shot Misses the Net.
10:02 of 1st period - Snap shot by Corey Perry.
10:02 of 1st period - Goal by Corey Perry - Kings : 1 - Avalanche : 2.
10:03 of 1st period - Corey Perry wins face-off versus Anze Kopitar in neutral zone.
10:14 of 1st period - Penalty to Mike Comrie is over, Mike Comrie is back on ice.
10:22 of 1st period - Snap shot by Corey Perry.
10:22 of 1st period - Stopped by Ray Emery without a rebound.
10:23 of 1st period - Randy Robitaille wins face-off versus Bryan Little in Kings zone.
10:41 of 1st period - Icing by Rostislav Olesz.
10:42 of 1st period - Bryan Little wins face-off versus Randy Robitaille in Avalanche zone.
10:47 of 1st period - Penalty to Pernell Karl Subban is over, Pernell Karl Subban is back on ice.
11:05 of 1st period - Slapshot by Bryan Little.
11:05 of 1st period - Stopped by Ray Emery without a rebound.
11:06 of 1st period - Anze Kopitar wins face-off versus Mike Comrie in Kings zone.
11:15 of 1st period - Snap shot by Anze Kopitar.
11:15 of 1st period - Shot Blocked by Jack Johnson.
11:31 of 1st period - Max Pacioretty is hit by Rene Bourque and loses puck.
12:05 of 1st period - Snap shot by Andrew Ladd.
12:05 of 1st period - Stopped by Ray Emery with a rebound.
13:08 of 1st period - Wrist shot by Brenden Morrow.
13:08 of 1st period - Stopped by Jimmy Howard without a rebound.
13:09 of 1st period - Bryan Little wins face-off versus Viktor Kozlov in Avalanche zone.
13:35 of 1st period - Rene Bourque is hit by Mike Comrie and loses puck.
14:18 of 1st period - Anze Kopitar is hit by Brian Campbell and loses puck.
14:29 of 1st period - Snap shot by Maxim Talbot.
14:29 of 1st period - Shot Blocked by Joe Pavelski.
15:06 of 1st period - Dave Tanabe is hit by Anze Kopitar and loses puck.
15:27 of 1st period - Snap shot by Jonas Hoglund.
15:27 of 1st period - Goal by Jonas Hoglund - Kings : 2 - Avalanche : 2.
15:28 of 1st period - Corey Perry wins face-off versus Anze Kopitar in neutral zone.
15:31 of 1st period - Slapshot by Drew Doughty.
15:31 of 1st period - Shot Misses the Net.
15:39 of 1st period - Wrist shot by Jason Allison.
15:39 of 1st period - Stopped by Ray Emery with a rebound.
15:41 of 1st period - Slapshot by Drew Doughty.
15:41 of 1st period - Stopped by Ray Emery with a rebound.
15:55 of 1st period - Ryan Smyth is hit by Tyler Myers and loses puck.
16:48 of 1st period - Wrist shot by Viktor Kozlov.
16:48 of 1st period - Shot Misses the Net.
16:50 of 1st period - Slapshot by Tyler Myers.
16:50 of 1st period - Stopped by Jimmy Howard without a rebound.
16:51 of 1st period - Jason Allison wins face-off versus Anze Kopitar in Avalanche zone.
16:51 of 1st period - Jason Allison is hit by Joe Pavelski.
17:18 of 1st period - Minor Penalty to Zdeno Chara for Slashing.
17:19 of 1st period - Randy Robitaille wins face-off versus Jason Allison in Kings zone.
17:50 of 1st period - Snap shot by Bryan Little.
17:50 of 1st period - Shot Misses the Net.
17:52 of 1st period - Wrist shot by Rostislav Olesz.
17:52 of 1st period - Goal by Rostislav Olesz - Kings : 2 - Avalanche : 3.
17:53 of 1st period - Anze Kopitar wins face-off versus Jason Allison in neutral zone.
18:00 of 1st period - Off-side.
18:01 of 1st period - Anze Kopitar wins face-off versus Jason Allison in neutral zone.
18:04 of 1st period - Max Pacioretty is hit by Anze Kopitar.
18:16 of 1st period - Slapshot by Dave Tanabe.
18:16 of 1st period - Shot Blocked by Brenden Morrow.
18:32 of 1st period - Snap shot by Anze Kopitar.
18:32 of 1st period - Stopped by Jimmy Howard without a rebound.
18:33 of 1st period - Bryan Little wins face-off versus Matt Duchene in Avalanche zone.
18:33 of 1st period - Bryan Little is hit by Patrick Sharp.
18:39 of 1st period - Slapshot by Jack Johnson.
18:39 of 1st period - Shot Misses the Net.
18:41 of 1st period - Snap shot by Bryan Little.
18:41 of 1st period - Deflect By Andrew Ladd.
18:41 of 1st period - Stopped by Ray Emery without a rebound.
18:42 of 1st period - Patrick Sharp wins face-off versus Jason Allison in Kings zone.
18:47 of 1st period - Slapshot by Corey Perry.
18:47 of 1st period - Shot Blocked by Tyler Myers.
18:49 of 1st period - Wrist shot by Max Pacioretty.
18:49 of 1st period - Shot Misses the Net.
18:51 of 1st period - Backhand shot by Jack Johnson.
18:51 of 1st period - Deflect By Corey Perry.
18:51 of 1st period - Stopped by Ray Emery without a rebound.
18:52 of 1st period - Jason Allison wins face-off versus Anze Kopitar in Kings zone.
19:03 of 1st period - Slapshot by Joe Pavelski.
19:03 of 1st period - Stopped by Jimmy Howard with a rebound.
19:05 of 1st period - Snap shot by Joe Pavelski.
19:05 of 1st period - Goal by Joe Pavelski - Kings : 3 - Avalanche : 3.
19:06 of 1st period - Anze Kopitar wins face-off versus Mike Comrie in neutral zone.
19:11 of 1st period - Snap shot by Joe Pavelski.
19:11 of 1st period - Stopped by Jimmy Howard with a rebound.
19:13 of 1st period - Snap shot by Anze Kopitar.
19:13 of 1st period - Shot Blocked by Marc Staal.
19:15 of 1st period - Slapshot by Anze Kopitar.
19:15 of 1st period - Stopped by Jimmy Howard with a rebound.
19:49 of 1st period - Minor Penalty to Ryan Smyth for Interference.
19:50 of 1st period - Mike Comrie wins face-off versus Anze Kopitar in Avalanche zone.
Goals for this period are 3 for Kings vs 3 for Avalanche.
Shots for this period are 12 for Kings vs 13 for Avalanche.
2nd period
0:01 of 2nd period - Mike Comrie wins face-off versus Joe Pavelski in neutral zone.
0:13 of 2nd period - Marc Staal is hit by Joe Pavelski and loses puck.
1:06 of 2nd period - Snap shot by Andrew Ladd.
1:06 of 2nd period - Goal by Andrew Ladd - Kings : 3 - Avalanche : 4.
1:07 of 2nd period - Mike Comrie wins face-off versus Anze Kopitar in neutral zone.
1:39 of 2nd period - Slapshot by Pernell Karl Subban.
1:39 of 2nd period - Deflect By Marc Staal.
1:39 of 2nd period - Stopped by Jimmy Howard without a rebound.
1:40 of 2nd period - Dustin Byfuglien wins face-off versus Anze Kopitar in Avalanche zone.
1:40 of 2nd period - Dustin Byfuglien is hit by Tyler Myers.
1:49 of 2nd period - Penalty to Ryan Smyth is over, Ryan Smyth is back on ice.
2:10 of 2nd period - Brent Seabrook is hit by Jason Allison and loses puck.
2:35 of 2nd period - Slapshot by Patrick Sharp.
2:35 of 2nd period - Stopped by Jimmy Howard with a rebound.
3:40 of 2nd period - Wrist shot by Matt Duchene.
3:40 of 2nd period - Stopped by Jimmy Howard with a rebound.
3:42 of 2nd period - Slapshot by Tyler Myers.
3:42 of 2nd period - Shot Misses the Net.
3:46 of 2nd period - Wrist shot by Matt Duchene.
3:46 of 2nd period - Stopped by Jimmy Howard with a rebound.
3:48 of 2nd period - Wrist shot by Jonas Hoglund.
3:48 of 2nd period - Stopped by Jimmy Howard with a rebound.
3:50 of 2nd period - Snap shot by Matt Duchene.
3:50 of 2nd period - Shot Misses the Net.
3:52 of 2nd period - Snap shot by Matt Duchene.
3:52 of 2nd period - Shot Misses the Net.
3:54 of 2nd period - Snap shot by Matt Duchene.
3:54 of 2nd period - Shot Misses the Net.
3:56 of 2nd period - Wrist shot by Patrick Sharp.
3:56 of 2nd period - Stopped by Jimmy Howard without a rebound.
3:57 of 2nd period - Anze Kopitar wins face-off versus Mike Comrie in Avalanche zone.
4:02 of 2nd period - Snap shot by Anze Kopitar.
4:02 of 2nd period - Shot Blocked by Jack Johnson.
4:12 of 2nd period - Snap shot by Mike Comrie.
4:12 of 2nd period - Stopped by Ray Emery with a rebound.
4:36 of 2nd period - Minor Penalty to Maxim Talbot for Hooking.
4:37 of 2nd period - Mike Comrie wins face-off versus Anze Kopitar in Avalanche zone.
5:08 of 2nd period - Mikkel Boedker is hit by Dustin Byfuglien and loses puck.
5:13 of 2nd period - Wrist shot by Dustin Byfuglien.
5:13 of 2nd period - Stopped by Ray Emery with a rebound.
5:15 of 2nd period - Slapshot by Jack Johnson.
5:15 of 2nd period - Shot Misses the Net.
5:59 of 2nd period - Anze Kopitar is hit by Chuck Kobasew and loses puck.
6:36 of 2nd period - Penalty to Maxim Talbot is over, Maxim Talbot is back on ice.
6:48 of 2nd period - Hnat Domenichelli is hit by Drew Doughty and loses puck.
7:17 of 2nd period - Rene Bourque is hit by Jack Johnson and loses puck.
8:56 of 2nd period - Joe Pavelski is hit by Rostislav Olesz and loses puck.
9:09 of 2nd period - Zdeno Chara is hit by Dustin Byfuglien and loses puck.
9:43 of 2nd period - Brent Seabrook is hit by Jason Allison.
10:05 of 2nd period - Rene Bourque is hit by Dustin Byfuglien and loses puck.
10:30 of 2nd period - Viktor Kozlov is hit by Dustin Byfuglien and loses puck.
11:07 of 2nd period - Cory Sarich is hit by Mike Comrie and loses puck.
11:49 of 2nd period - Joe Pavelski is hit by Mike Comrie and loses puck.
11:57 of 2nd period - Icing by Pernell Karl Subban.
11:58 of 2nd period - Jason Allison wins face-off versus Randy Robitaille in Kings zone.
12:09 of 2nd period - Minor Penalty to Max Pacioretty for Slashing.
12:10 of 2nd period - Mike Comrie wins face-off versus Anze Kopitar in Avalanche zone.
12:35 of 2nd period - Matt Duchene is hit by Marc Staal and loses puck.
13:30 of 2nd period - Jack Johnson is hit by Pernell Karl Subban and loses puck.
14:09 of 2nd period - Penalty to Max Pacioretty is over, Max Pacioretty is back on ice.
14:42 of 2nd period - Wrist shot by Bryan Little.
14:42 of 2nd period - Shot Misses the Net.
15:27 of 2nd period - Minor Penalty to Ryan Smyth for Hooking.
15:28 of 2nd period - Anze Kopitar wins face-off versus Mike Comrie in Avalanche zone.
15:45 of 2nd period - Patrick Sharp is hit by Chuck Kobasew and loses puck.
17:27 of 2nd period - Penalty to Ryan Smyth is over, Ryan Smyth is back on ice.
19:41 of 2nd period - Anze Kopitar is hit by Maxim Talbot and loses puck.
19:53 of 2nd period - Icing by Anze Kopitar.
19:54 of 2nd period - Randy Robitaille wins face-off versus Jason Allison in Kings zone.
Goals for this period are 0 for Kings vs 1 for Avalanche.
Shots for this period are 6 for Kings vs 3 for Avalanche.
3rd period
0:01 of 3rd period - Mike Comrie wins face-off versus Anze Kopitar in neutral zone.
0:26 of 3rd period - Brent Burns is hit by Brian Campbell and loses puck.
0:53 of 3rd period - Snap shot by Brenden Morrow.
0:53 of 3rd period - Shot Misses the Net.
0:55 of 3rd period - Slapshot by Brent Burns.
0:55 of 3rd period - Shot Misses the Net.
0:57 of 3rd period - Snap shot by Brenden Morrow.
0:57 of 3rd period - Goal by Brenden Morrow - Kings : 4 - Avalanche : 4.
0:58 of 3rd period - Matt Duchene wins face-off versus Mike Comrie in neutral zone.
1:03 of 3rd period - Slapshot by Brent Seabrook.
1:03 of 3rd period - Deflect By Patrick Sharp.
1:03 of 3rd period - Shot Misses the Net.
1:03 of 3rd period - Puck is out of play.
1:04 of 3rd period - Mike Comrie wins face-off versus Matt Duchene in Avalanche zone.
1:04 of 3rd period - Mike Comrie is hit by Matt Duchene.
1:23 of 3rd period - Minor Penalty to Jonas Hoglund for Interference.
1:24 of 3rd period - Randy Robitaille wins face-off versus Jason Allison in Kings zone.
1:50 of 3rd period - Rostislav Olesz is hit by Brenden Morrow and loses puck.
3:00 of 3rd period - Jason Allison is hit by Hnat Domenichelli and loses puck.
3:23 of 3rd period - Penalty to Jonas Hoglund is over, Jonas Hoglund is back on ice.
3:57 of 3rd period - Minor Penalty to Patrick Sharp for High sticking.
3:58 of 3rd period - Randy Robitaille wins face-off versus Jason Allison in Kings zone.
3:58 of 3rd period - Randy Robitaille is hit by Ryan Smyth.
5:37 of 3rd period - Icing by Dave Tanabe.
5:38 of 3rd period - Jason Allison wins face-off versus Anze Kopitar in Avalanche zone.
5:57 of 3rd period - Penalty to Patrick Sharp is over, Patrick Sharp is back on ice.
6:09 of 3rd period - Jack Johnson is hit by Rene Bourque and loses puck.
6:16 of 3rd period - Slapshot by Viktor Kozlov.
6:16 of 3rd period - Stopped by Jimmy Howard with a rebound.
6:18 of 3rd period - Slapshot by Brian Pothier.
6:18 of 3rd period - Shot Misses the Net.
6:25 of 3rd period - Icing by Bryan Little.
6:26 of 3rd period - Mike Comrie wins face-off versus Anze Kopitar in Avalanche zone.
6:26 of 3rd period - Mike Comrie is hit by Brent Burns.
6:54 of 3rd period - Pernell Karl Subban is hit by Jack Johnson and loses puck.
7:25 of 3rd period - Slapshot by Matt Duchene.
7:25 of 3rd period - Shot Blocked by Shane O'Brien.
7:45 of 3rd period - Snap shot by Bryan Little.
7:45 of 3rd period - Stopped by Ray Emery with a rebound.
7:59 of 3rd period - Snap shot by Dustin Byfuglien.
7:59 of 3rd period - Stopped by Ray Emery with a rebound.
8:01 of 3rd period - Snap shot by Ryan Smyth.
8:01 of 3rd period - Shot Misses the Net.
8:13 of 3rd period - Hnat Domenichelli is hit by Max Pacioretty and loses puck.
8:43 of 3rd period - Slapshot by Rene Bourque.
8:43 of 3rd period - Stopped by Jimmy Howard without a rebound.
8:44 of 3rd period - Anze Kopitar wins face-off versus Mike Comrie in Avalanche zone.
8:45 of 3rd period - Slapshot by Brenden Morrow.
8:45 of 3rd period - Stopped by Jimmy Howard with a rebound.
8:51 of 3rd period - Wrist shot by Mike Comrie.
8:51 of 3rd period - Shot Blocked by Cory Sarich.
8:53 of 3rd period - Wrist shot by Brian Campbell.
8:53 of 3rd period - Shot Blocked by Zdeno Chara.
8:55 of 3rd period - Wrist shot by Jack Johnson.
8:55 of 3rd period - Stopped by Ray Emery with a rebound.
8:57 of 3rd period - Wrist shot by Ryan Smyth.
8:57 of 3rd period - Deflect By Mike Comrie.
8:57 of 3rd period - Stopped by Ray Emery with a rebound.
8:59 of 3rd period - Wrist shot by Brian Campbell.
8:59 of 3rd period - Shot Blocked by Cory Sarich.
9:05 of 3rd period - Minor Penalty to Zdeno Chara for Boarding.
9:06 of 3rd period - Jason Allison wins face-off versus Jonas Hoglund in Kings zone.
9:09 of 3rd period - Backhand shot by Corey Perry.
9:09 of 3rd period - Shot Misses the Net.
9:35 of 3rd period - Off-side.
9:36 of 3rd period - Jason Allison wins face-off versus Viktor Kozlov in neutral zone.
9:39 of 3rd period - Slapshot by Jack Johnson.
9:39 of 3rd period - Stopped by Ray Emery with a rebound.
11:05 of 3rd period - Penalty to Zdeno Chara is over, Zdeno Chara is back on ice.
11:43 of 3rd period - Michael Rupp is hit by Jonas Hoglund and loses puck.
12:16 of 3rd period - Wrist shot by Joe Pavelski.
12:16 of 3rd period - Goal by Joe Pavelski - Kings : 5 - Avalanche : 4.
12:17 of 3rd period - Mike Comrie wins face-off versus Anze Kopitar in neutral zone.
13:39 of 3rd period - Minor Penalty to Rostislav Olesz for Tripping.
13:40 of 3rd period - Mikkel Boedker wins face-off versus Mike Comrie in Avalanche zone.
13:43 of 3rd period - Snap shot by Mikkel Boedker.
13:43 of 3rd period - Shot Misses the Net.
13:45 of 3rd period - Wrist shot by Anze Kopitar.
13:45 of 3rd period - Shot Misses the Net.
13:47 of 3rd period - Slapshot by Mikkel Boedker.
13:47 of 3rd period - Deflect By Joe Pavelski.
13:47 of 3rd period - Stopped by Jimmy Howard with a rebound.
13:49 of 3rd period - Snap shot by Joe Pavelski.
13:49 of 3rd period - Stopped by Jimmy Howard with a rebound.
13:51 of 3rd period - Wrist shot by Mikkel Boedker.
13:51 of 3rd period - Deflect By Mike Comrie.
13:51 of 3rd period - Goal by Mikkel Boedker - Kings : 6 - Avalanche : 4.
13:52 of 3rd period - Mike Comrie wins face-off versus Anze Kopitar in neutral zone.
14:13 of 3rd period - Minor Penalty to Dustin Byfuglien for Holding Stick.
14:14 of 3rd period - Mike Comrie wins face-off versus Anze Kopitar in Avalanche zone.
14:39 of 3rd period - Marc Staal is hit by Pernell Karl Subban and loses puck.
15:34 of 3rd period - Mikkel Boedker is hit by Jason Allison and loses puck.
15:57 of 3rd period - Chuck Kobasew is hit by Matt Duchene.
16:01 of 3rd period - Rene Bourque is hit by Dave Tanabe.
16:13 of 3rd period - Penalty to Dustin Byfuglien is over, Dustin Byfuglien is back on ice.
16:23 of 3rd period - Icing by Jack Johnson.
16:24 of 3rd period - Randy Robitaille wins face-off versus Jason Allison in Avalanche zone.
16:25 of 3rd period - Snap shot by Brenden Morrow.
16:25 of 3rd period - Shot Misses the Net.
17:24 of 3rd period - Off-side.
17:25 of 3rd period - Andrew Ladd wins face-off versus Viktor Kozlov in neutral zone.
17:28 of 3rd period - Snap shot by Dave Tanabe.
17:28 of 3rd period - Shot Misses the Net.
17:30 of 3rd period - Slapshot by Marc Staal.
17:30 of 3rd period - Shot Misses the Net.
18:32 of 3rd period - Anze Kopitar is hit by Ryan Smyth and loses puck.
19:19 of 3rd period - Wrist shot by Maxim Talbot.
19:19 of 3rd period - Shot Misses the Net.
19:32 of 3rd period - Off-side.
19:33 of 3rd period - Mike Comrie wins face-off versus Patrick Sharp in neutral zone.
19:36 of 3rd period - Wrist shot by Jack Johnson.
19:36 of 3rd period - Stopped by Ray Emery with a rebound.
Goals for this period are 3 for Kings vs 0 for Avalanche.
Shots for this period are 8 for Kings vs 6 for Avalanche.
Output by the SimonT Hockey Simulator (STHS) for François Prévost -- Original Page W3C XHTML 1.0 Valid